 Dungeon Crawl Stone Soup version 0.16.2-12-gd0ad4c3 (webtiles) character file.

8385 faibistes the Thaumaturge (level 11, -9/59 HPs)
             Began as a Deep Elf Wizard on Dec 28, 2018.
             Was a High Priest of Sif Muna.
             Mangled by a hill giant
             ... wielding a +0 giant club
              (36 damage)
             ... on level 10 of the Dungeon.
             The game lasted 00:40:27 (14421 turns).

faibistes the Thaumaturge (Deep Elf Wizard)        Turns: 14421, Time: 00:40:27

Health: -9/59      AC:  9    Str:  4    XL:     11   Next: 9%
Magic:  6/32       EV: 17    Int: 27    God:    Sif Muna [*****.]
Gold:   63         SH:  0    Dex: 16    Spells: 10 memorised, 8 levels left

rFire  . . .     SeeInvis .     f - +1 dagger (curse)
rCold  + . .     Clarity  .     Q - +1 robe {rC+}
rNeg   . . .     SustAb   .     (no shield)
rPois  .         Gourm    .     b - +0 hat
rElec  .         Spirit   .     w - +1 cloak {MR+}
rCorr  .         Warding  .     m - +0 pair of gloves
rMut   .         Stasis   .     (no boots)
MR     ++...                    (no amulet)
Stlth  ++........               P - ring of flight
                                o - +3 ring of dexterity

@: stone skin, repel missiles, very resistant to hostile enchantments,
unstealthy
A: no striking features
a: Channel Energy, Forget Spell, Renounce Religion, Evoke Flight


You were on level 10 of the Dungeon.
You worshipped Sif Muna.
Sif Muna was extremely pleased with you.
You were not hungry.

You visited 2 branches of the dungeon, and saw 12 of its levels.

You collected 483 gold pieces.
You spent 420 gold pieces at shops.

Inventory:

Hand weapons
 e - a +0 club
 f - a cursed +1 dagger (weapon)
 J - a cursed +0 dagger of speed
Armour
 a - a +0 robe
 b - a +0 hat (worn)
 m - a +0 pair of gloves (worn)
 w - a +1 cloak of magic resistance (worn)
 Q - a +1 robe of cold resistance (worn)
Magical staves
 u - an uncursed staff of cold
Jewellery
 g - an uncursed ring of ice
 o - a +3 ring of dexterity (left hand)
 P - a ring of flight (right hand)
Magical devices
 l - a wand of digging (12)
 x - a wand of confusion (24)
 z - a wand of frost (21)
 G - a wand of paralysis (11)
Scrolls
 h - 3 scrolls of teleportation
 i - 3 scrolls of remove curse
 j - 3 scrolls of fear
 n - 2 scrolls of recharging
 v - a scroll of enchant weapon
 y - 4 scrolls of fog
 B - 2 scrolls of amnesia
 H - a scroll of immolation
Potions
 k - 2 potions of restore abilities
 r - a potion of agility
 C - 2 potions of curing
 D - 2 potions of haste
 F - a potion of invisibility
 I - 2 potions of might
 K - a potion of mutation {unknown}
 L - 3 potions of brilliance
 M - 2 potions of magic {unknown}
 O - a potion of berserk rage {unknown}
Books
 c - a book of Minor Magic

   Spells                             Type                      Level
   a - Magic Dart                     Conjuration                  1
   b - Blink                          Translocation                2
   c - Call Imp                       Summoning                    2
   d - Repel Missiles                 Charms/Air                   2
   e - Slow                           Hexes                        2
   f - Conjure Flame                  Conjuration/Fire             3
   g - Mephitic Cloud                 Conjuration/Poison/Air       3
 E - the Incunabulum of the Mountains and Transmigration
   (You found it on level 9 of the Dungeon)

   Spells                             Type                      Level
   a - Sandblast                      Earth                        1
   b - Stoneskin                      Transmutation/Earth          2
   c - Passwall                       Transmutation/Earth          3
   d - Iron Shot                      Conjuration/Earth            6
   e - Statue Form                    Transmutation/Earth          6
 N - a book of Necromancy

   Spells                             Type                      Level
   a - Pain                           Necromancy                   1
   b - Animate Skeleton               Necromancy                   1
   c - Vampiric Draining              Necromancy                   3
   d - Regeneration                   Charms/Necromancy            3
   e - Animate Dead                   Necromancy                   4
   f - Control Undead                 Necromancy                   4
Comestibles
 d - 8 bread rations
 p - a meat ration
 q - 10 slices of pizza
 s - a beef jerky
 t - a fruit
 A - 4 royal jellies


   Skills:
 + Level 2.6 Fighting
 + Level 7.1 Dodging
 - Level 2.4 Stealth
 * Level 10.9 Spellcasting
 + Level 7.1 Conjurations
 + Level 4.6 Charms
 - Level 1.1 Summonings
 + Level 4.6 Translocations
 * Level 3.6 Transmutations
 + Level 6.3 Fire Magic
 - Level 3.5 Air Magic
 * Level 3.7 Earth Magic
 - Level 2.6 Poison Magic
 * Level 5.5 Invocations
 + Level 4.1 Evocations


You had 8 spell levels left.
You knew the following spells:

 Your Spells              Type           Power        Failure   Level  Hunger
a - Magic Dart            Conj           ####         1%          1    None
b - Conjure Flame         Conj/Fire      ######..     1%          3    None
c - Call Imp              Summ           ###.....     4%          2    None
d - Blink                 Tloc           N/A          1%          2    None
e - Mephitic Cloud        Conj/Pois/Air  #####...     1%          3    None
f - Repel Missiles        Chrm/Air       #####.       1%          2    None
g - Stoneskin             Trmt/Erth      ####....     1%          2    None
h - Animate Skeleton      Necr           N/A          4%          1    None
i - Passwall              Trmt/Erth      ####......   2%          3    None
j - Animate Dead          Necr           N/A          41%         4    None


Dungeon Overview and Level Annotations

Branches:
Dungeon (11/15)            Temple (1/1) D:4            Lair (0/8) D:10
    Orc (0/4) D:9

Altars:
Ashenzari
Cheibriados
Dithmenos
Elyvilon
Fedhas
Gozag
Kikubaaqudgha
Makhleb
Nemelex Xobeh
Okawaru
Qazlal
Ru
Sif Muna
Trog
Vehumet
Xom
Yredelemnul
Zin
The Shining One

Shops:
D:7 *   D:10 :


Message History

The magic dart hits the hill giant.
The hill giant is almost dead.
Casting: Magic Dart
Confirm with . or Enter, or press ? or * to list all spells.
Aiming: Magic Dart
Press: ? - help, Shift-Dir - straight line, f/p - hill giant
Aim: a hill giant, wielding a giant club (almost dead, bewildered and confused)
The magic dart hits the hill giant.
The hill giant is almost dead.
The hill giant seems less confused.
Casting: Magic Dart
Confirm with . or Enter, or press ? or * to list all spells.
Aiming: Magic Dart
Press: ? - help, Shift-Dir - straight line, f/p - hill giant
Aim: a hill giant, wielding a giant club (almost dead)
The magic dart hits the hill giant.
The hill giant is almost dead.
The hill giant hits you with a giant club!!!
Ouch! That really hurt!
You die...

# ##...........................##
# ##.........................## #
##.....................<### #
#...........[..........# #
##.....................#### #
###.........................## #
#.............................
...................>..§§.........
................@....§...........
###..............C...............
#..............................
#..#...........................
#.#####...............##.......
.# ##..........####........
.###.#####. ##..#../. #. #
##.####. # ##. #


You could see a hill giant.

Vanquished Creatures
  Fannar (D:10)
  2 hill giants (D:10)
  Pikel (D:7)
  Joseph (D:11)
  A fire drake (D:10)
  A trapdoor spider (D:10)
  6 yaks (D:10)
  3 hippogriffs
  A deep elf fighter (D:8)
  Menkaure (D:6)
  The ghost of faibistes the Magician, an average DEWz (D:3)
  5 orc warriors
  3 sky beasts
  2 ice beasts
  A phantom (D:5)
  5 ogres
  A slave (D:7)
  2 centaurs
  Sigmund (D:2)
  Duvessa (D:7)
  Blork the orc (D:7)
  3 giant frogs
  A wyvern skeleton (D:10)
  3 scorpions
  5 wights (D:8)
  2 goliath beetles
  A crimson imp (D:6)
  5 hounds
  12 orc priests
  Dowan (D:7)
  2 centaur skeletons
  2 jellies
  A quasit (D:10)
  2 giant frog skeletons
  4 iguanas
  8 orc wizards
  4 worker ants
  A sky beast zombie (D:8)
  A hound skeleton (D:6)
  A mummy (D:10)
  8 adders
  A worker ant zombie (D:5)
  7 gnolls
  2 shadow imps
  3 worms
  6 giant geckos
  39 orcs
  12 bats
  8 giant cockroaches
  15 goblins
  14 hobgoblins
  8 jackals
  15 kobolds
  5 quokkas
  6 giant newts
  A quokka zombie (D:7)
  15 rats
  5 ballistomycetes (D:10)
270 creatures vanquished.

Vanquished Creatures (collateral kills)
  A sheep (D:5)
1 creature vanquished.

Vanquished Creatures (others)
  A slave (D:7)
  A crimson imp (D:10)
  A worker ant (D:7)
  4 sheep (D:5)
  A hound skeleton (D:7)
  A gnoll (D:7)
  A white imp (D:10)
  A shadow imp (D:10)
  A giant gecko (D:7)
  An orc (D:4)
  A bat (D:7)
  A giant spore (D:10)
15 creatures vanquished.

Grand Total: 286 creatures vanquished

Notes
Turn   | Place    | Note
--------------------------------------------------------------
     0 | D:1      | faibistes, the Deep Elf Wizard, began the quest for the Orb.
     0 | D:1      | Reached XP level 1. HP: 10/10 MP: 6/6
   276 | D:1      | Reached XP level 2. HP: 15/15 MP: 0/10
   543 | D:2      | Learned a level 2 spell: Blink
   546 | D:2      | Learned a level 2 spell: Call Imp
   821 | D:1      | Reached skill level 5 in Spellcasting
   914 | D:1      | Reached XP level 3. HP: 19/19 MP: 8/14
   922 | D:1      | Learned a level 3 spell: Conjure Flame
   926 | D:1      | Learned a level 3 spell: Mephitic Cloud
  2030 | D:2      | Noticed Sigmund
  2149 | D:2      | Killed Sigmund
  2149 | D:2      | Reached skill level 6 in Spellcasting
  2149 | D:2      | Reached XP level 4. HP: 24/24 MP: 4/18
  2151 | D:2      | Reached XP level 5. HP: 28/28 MP: 4/20
  2392 | D:2      | Learned a level 2 spell: Repel Missiles
  2587 | D:2      | Found a deep blue altar of Sif Muna.
  2590 | D:2      | Became a worshipper of Sif Muna the Loreminder
  2625 | D:2      | Found a burning altar of Makhleb.
  2709 | D:3      | Noticed a hippogriff
  2718 | D:3      | Killed a hippogriff
  2718 | D:3      | Reached XP level 6. HP: 32/32 MP: 7/22
  3272 | D:3      | Reached skill level 7 in Spellcasting
  3291 | D:3      | Noticed faibistes' ghost (average DEWz)
  3304 | D:3      | Killed faibistes' ghost
  3413 | D:5      | Entered Level 5 of the Dungeon
  4124 | D:4      | Found a shattered altar of Ashenzari.
  4667 | D:4      | Acquired Sif Muna's first power
  4667 | D:4      | Reached XP level 7. HP: 11/36 MP: 0/25
  5077 | D:4      | Reached skill level 1 in Fire Magic
  5187 | D:4      | Reached skill level 1 in Air Magic
  5319 | D:4      | Found a staircase to the Ecumenical Temple.
  5329 | Temple   | Entered the Ecumenical Temple
  5625 | D:5      | Reached skill level 5 in Dodging
  5696 | D:5      | Reached skill level 1 in Poison Magic
  5912 | D:5      | Found a white marble altar of Elyvilon.
  6039 | D:5      | Reached skill level 8 in Spellcasting
  6070 | D:5      | Found an opulent altar of Gozag.
  6203 | D:5      | Found a shimmering altar of Xom.
  6386 | D:5      | Found a bloodstained altar of Trog.
  6554 | D:6      | Noticed Menkaure
  6560 | D:6      | Killed Menkaure
  6560 | D:6      | Reached XP level 8. HP: 41/41 MP: 19/27
  6698 | D:6      | Acquired Sif Muna's second power
  6706 | D:6      | Reached skill level 5 in Conjurations
  6931 | D:6      | Found an ancient bone altar of Kikubaaqudgha.
  7006 | D:6      | Found a sparkling altar of Nemelex Xobeh.
  7061 | D:7      | Noticed Blork the orc
  7072 | D:7      | Killed Blork the orc
  7986 | D:6      | Reached skill level 9 in Spellcasting
  8204 | D:7      | Noticed Pikel
  8215 | D:7      | Killed Pikel
  8215 | D:7      | Reached skill level 1 in Fighting
  8215 | D:7      | Reached skill level 1 in Charms
  8215 | D:7      | Reached skill level 1 in Invocations
  8215 | D:7      | Reached skill level 1 in Evocations
  8215 | D:7      | Reached XP level 9. HP: 44/47 MP: 21/29
  8312 | D:7      | Found Gianulaw's General Store.
  8487 | D:7      | Noticed Duvessa
  8487 | D:7      | Noticed Dowan
  8536 | D:7      | Killed Dowan
  8565 | D:7      | Killed Duvessa
  9242 | D:8      | Found a radiant altar of Vehumet.
  9242 | D:8      | Found a snail-covered altar of Cheibriados.
  9242 | D:8      | Found a sacrificial altar of Ru.
  9607 | D:8      | Reached skill level 5 in Fire Magic
 10360 | D:10     | Entered Level 10 of the Dungeon
 10404 | D:10     | Noticed a hill giant
 10415 | D:10     | Killed a hill giant
 10415 | D:10     | Acquired Sif Muna's third power
 10415 | D:10     | Reached skill level 10 in Spellcasting
 10714 | D:10     | Reached XP level 10. HP: 25/53 MP: 12/31
 10879 | D:9      | Found a stormy altar of Qazlal.
 10895 | D:9      | Identified the Incunabulum of the Mountains and Transmigration (You found it on level 9 of the Dungeon)
 10936 | D:8      | Learned a level 2 spell: Stoneskin
 11607 | D:8      | Reached skill level 1 in Earth Magic
 11817 | D:8      | Reached skill level 1 in Transmutations
 12696 | D:9      | Found a staircase to the Orcish Mines.
 12930 | D:9      | Found an ancient bone altar of Kikubaaqudgha.
 13211 | D:10     | Found Mnanoi's Book Shoppe.
 13214 | D:10     | Bought a book of Necromancy for 420 gold pieces
 13216 | D:10     | Learned a level 1 spell: Animate Skeleton
 13220 | D:10     | Learned a level 3 spell: Passwall
 13225 | D:10     | Learned a level 4 spell: Animate Dead
 13612 | D:10     | Noticed Fannar
 13626 | D:10     | Noticed a fire drake
 13629 | D:10     | Killed Fannar
 13629 | D:10     | Reached skill level 5 in Invocations
 13694 | D:10     | Killed a fire drake
 13767 | D:10     | Found an opulent altar of Gozag.
 13807 | D:10     | Found a staircase to the Lair.
 13936 | D:10     | Noticed a hill giant
 13951 | D:10     | Killed a hill giant
 13951 | D:10     | Reached XP level 11. HP: 59/59 MP: 19/32
 14246 | D:11     | Noticed Joseph
 14259 | D:11     | Noticed a hill giant
 14282 | D:11     | Killed Joseph
 14421 | D:10     | Mangled by a hill giant

Action                   |  1- 3 |  4- 6 |  7- 9 | 10-12 || total
-------------------------+-------+-------+-------+-------++-------
Melee: Dagger            |     7 |     6 |    66 |    38 ||   117
 Cast: Magic Dart        |   103 |   115 |   443 |   300 ||   961
       Mephitic Cloud    |     4 |     7 |    33 |    34 ||    78
       Conjure Flame     |       |     4 |    33 |    36 ||    73
       Repel Missiles    |       |     1 |     2 |       ||     3
       Blink             |       |     1 |     6 |     7 ||    14
       Call Imp          |       |       |       |     3 ||     3
       Stoneskin         |       |       |       |     2 ||     2
Invok: Channel Energy    |       |       |     1 |     2 ||     3
Evoke: Wand              |       |       |     4 |     2 ||     6
  Use: Scroll            |     2 |     5 |     8 |     5 ||    20
       Potion            |       |       |       |     1 ||     1
 Stab: Confused          |     2 |       |       |     3 ||     5
  Eat: Chunk             |     4 |     7 |    17 |    12 ||    40
       Beef jerky        |       |       |     1 |       ||     1
